Map: Deathaura LE

Players

DieCesar - Winner!

  • Race: Protoss Protoss
  • League: Diamond
  • Spawn Location: 5:00

A.I. 1 (Very Easy)

  • Race: Terran Terran
  • Spawn Location: 11:00

VOD

Have the link to the VOD?

Description

Time

  • Played on: Aug. 8, 2020, 6:33 p.m.
  • Length: 12:05
Show
View Real Time Build Order
Export as new Build Order

DieCesar Protoss - Winner!

Build Orders: 1 Gate Expand, Blink Stalkers, Colossus Rush 

Get SALT Encoding   

  12  0:00  Probe  
  13  0:12  Probe  
  14  0:18  Pylon  
  14  0:24  Probe  
  15  0:36  Gateway  
  15  0:37  Probe (Chrono Boost)  
  16  0:42  Assimilator  
  16  0:47  Probe (Chrono Boost)  
  17  0:54  Probe  
  18  1:06  Probe  
  19  1:18  Probe  
  20  1:23  Cybernetics Core  
  20  1:32  Nexus  
  20  1:39  Pylon  
  20  1:42  Probe  
  21  1:47  Assimilator  
  21  1:54  Probe  
  22  1:56  Adept (Chrono Boost)  
  22  2:00  Warp Gate  
  24  2:07  Shield Battery  
  24  2:10  Probe (Chrono Boost)  
  25  2:19  Probe (Chrono Boost)  
  26  2:23  Stalker  
  26  2:24  Probe (Chrono Boost)  
  29  2:34  Twilight Council  
  29  2:38  Probe (Chrono Boost)  
  30  2:46  Probe (Chrono Boost)  
  32  2:55  Probe (Chrono Boost)  
  32  2:56  Robotics Facility, Probe (Chrono Boost)  
  33  3:01  Probe (Chrono Boost)  
  33  3:02  Probe (Chrono Boost)  
  35  3:12  Blink (Chrono Boost), Probe  
  36  3:13  Probe  
  37  3:20  Gateway  
  37  3:24  Probe  
  37  3:26  Probe  
  39  3:31  Gateway  
  39  3:36  Assimilator  
  39  3:37  Probe  
  39  3:38  Probe  
  41  3:42  Assimilator  
  41  3:44  Observer  
  42  3:49  Probe  
  42  3:51  Probe, Pylon  
  44  4:00  Pylon  
  44  4:01  Probe (Chrono Boost)  
  45  4:09  Probe (Chrono Boost), Observer  
  47  4:12  Probe (Chrono Boost)  
  49  4:17  Probe (Chrono Boost)  
  49  4:21  Probe (Chrono Boost)  
  49  4:22  Forge  
  49  4:24  Probe (Chrono Boost), Robotics Bay  
  50  4:28  Probe (Chrono Boost), Stalker  
  50  4:30  Stalker  
  56  4:33  Observer  
  56  4:35  Stalker  
  59  4:41  Probe x2  
  61  4:58  Pylon  
  61  5:03  Nexus  
  61  5:04  Pylon  
  61  5:08  Pylon  
  61  5:15  Protoss Ground Weapons Level 1 (Chrono Boost), Colossus (Chrono Boost)  
  61  5:20  Extended Thermal Lance  
  67  5:24  Probe x2  
  67  5:25  Charge  
  69  5:29  Stalker  
  69  5:33  Pylon  
  71  5:36  Pylon  
  71  5:38  Probe x2  
  73  5:51  Probe  
  73  5:52  Probe, Colossus (Chrono Boost)  
  81  6:00  Gateway  
  81  6:02  Gateway  
  81  6:04  Probe x2  
  83  6:17  Probe x2  
  83  6:18  Probe  
  86  6:20  Assimilator  
  86  6:23  Sentry x3  
  86  6:25  Assimilator  
  92  6:29  Probe x2  
  92  6:30  Probe  
  95  6:34  Colossus (Chrono Boost)  
  95  6:35  Shield Battery  
  101  6:46  Pylon  
  100  6:48  Pylon  
  100  6:58  Probe x3  
  100  7:00  Stalker x5  
  113  7:07  Gateway  
  113  7:09  Gateway  
  113  7:10  Probe x2  
  113  7:13  Gateway  
  115  7:16  Gravitic Drive  
  115  7:17  Templar Archives  
  115  7:21  Warp Prism (Chrono Boost)  
  117  7:24  Probe x2  
  119  7:34  Pylon  
  119  7:35  Pylon  
  119  7:48  Forge  
  119  7:56  High Templar x4  
  119  7:57  Observer (Chrono Boost)  
  119  7:58  Zealot  
  130  8:00  Archon  
  130  8:01  Archon  
  130  8:06  Zealot x2  
  130  8:09  Probe x3  
  137  8:21  Probe x3  
  137  8:22  Nexus  
  137  8:25  Pylon, High Templar x2  
  137  8:27  Pylon  
  144  8:29  Pylon  
  144  8:34  Gateway  
  144  8:36  Protoss Ground Weapons Level 2 (Chrono Boost), Gateway  
  144  8:37  Protoss Shields Level 1 (Chrono Boost)  
  144  8:39  Gateway  
  144  8:40  Gateway  
  144  8:49  Archon  
  144  8:52  Pylon  
  144  8:55  Pylon  
  144  9:07  High Templar x3  
  144  9:08  Zealot, High Templar  
  144  9:09  Zealot x3  
  160  9:11  Archon  
  160  9:12  Archon  
  160  9:16  Pylon  
  160  9:17  Pylon  
  160  9:18  Immortal (Chrono Boost)  
  164  9:33  Zealot x6  
  164  9:37  Stalker  
  164  9:38  Stalker  
  180  9:43  Immortal (Chrono Boost)  
  184  9:50  Assimilator  
  184  9:52  Assimilator  
  184  9:57  Shield Battery  
  184  9:58  Shield Battery  
  184  10:00  Shield Battery  
  184  10:02  Photon Cannon  
  184  10:03  Photon Cannon, Stalker x5  
  184  10:04  Photon Cannon, Stalker x2  
  198  10:11  Stalker  
Show
View Real Time Build Order
Export as new Build Order

A.I. 1 (Very Easy) Terran 

Build Orders:  

Get SALT Encoding   

  12  0:00  SCV  
  13  0:13  SCV  
  14  0:19  Supply Depot  
  14  0:37  Refinery  
  14  0:43  Barracks  
  14  1:02  Supply Depot  
  14  1:11  Refinery  
  14  1:30  Marine  
  14  1:32  Orbital Command  
  15  1:58  SCV  
  16  2:10  SCV  
  17  2:16  Marine  
  17  2:22  SCV  
  19  2:34  SCV  
  19  2:35  Barracks Tech Lab  
  20  2:46  SCV  
  21  2:59  SCV  
  21  3:03  Marauder  
  24  6:43  Marine, SCV  
  24  6:44  Supply Depot  
  26  6:47  Factory  
  26  6:49  Command Center  
  26  6:55  SCV  
  27  7:07  SCV  
  27  7:08  Supply Depot  
  28  7:16  Marine  
  28  7:19  SCV  
  26  7:37  Starport  
  26  7:49  Marine  
  27  8:02  SCV  
  28  8:08  Refinery  
  28  8:09  SCV  
  29  8:12  Refinery  
  29  8:16  Starport Tech Lab, SCV  
  30  8:22  Marine  
  30  8:23  SCV  
  32  8:31  SCV  
  33  8:35  Raven  
  33  8:38  SCV  
  36  8:45  SCV  
  37  8:52  SCV  
  37  8:55  Marine  
  39  9:00  SCV  
  40  9:07  SCV  
  41  9:14  SCV  
  42  9:18  Raven  
  42  9:21  SCV  
  45  9:28  Marauder, SCV  
  48  9:35  SCV  
  49  9:43  SCV  
  50  9:50  SCV  
  51  11:13  Marine  
  42  11:27  SCV  
  22  11:36  Supply Depot  
  22  11:39  SCV  
Tags
 
Composition
Blink Stalkers
League
Diamond
Matchup
PvT
Spawn Locations
Cross Positions
Add a new tag
Caveats
  • Supply blocks, unpowered buildings, or Contaminate may cause inaccurate times.
  • Supply counts are checked every 10 seconds.